 Dungeon Crawl Stone Soup version 0.32-a0-481-g9ce6b883f8 (webtiles) character file.

Game seed: 6263257874153236288

80 GordonOverkill the Sneak (level 4, -18/24 HPs)
             Began as a Spriggan Delver on Feb 26, 2024.
             Killed from afar by a steam dragon (19 damage)
             ... with a ball of steam
             ... on level 5 of the Dungeon.
             The game lasted 00:01:39 (481 turns).

GordonOverkill the Sneak (Spriggan Delver)           Turns: 481, Time: 00:01:40

Health: -18/24     AC:  2    Str: 11    XL:     4   Next: 18%
Magic:  9/9        EV: 17    Int: 13    God:
Gold:   13         SH:  0    Dex: 16    Spells: 9/9 levels left

rFire   . . .        i - +2 hand axe "Lipurodgh" {venom, Str+3}
rCold   . . .        (no shield)
rNeg    . . .        b - +0 robe
rPois   .            (helmet restricted)
rElec   .            (no cloak)
rCorr   .            (gloves unavailable)
SInv    +            (boots unavailable)
Will    .....        (no amulet)
Stlth   ++++         (no ring)
HPRegen 0.24/turn    (no ring)
MPRegen 0.11/turn

%: no passive effects
@: very quick
A: very small, no large weapons, unfitting armour, see invisible, speed 3
a: no special abilities


You were on level 5 of the Dungeon.
You visited 1 branch of the dungeon, and saw 2 of its levels.

You collected 13 gold pieces.

Inventory:

Hand Weapons
 a - a +0 short sword
 i - the +2 hand axe "Lipurodgh" (weapon) {venom, Str+3}
   (You found it on level 5 of the Dungeon)

   Str+3:     It affects your strength (+3).
Armour
 b - a +0 robe (worn)
Wands
 g - a wand of digging (3)
Scrolls
 c - a scroll of fog
 d - a scroll of revelation
 e - a scroll of fear
 h - a scroll of identify {unknown}
Potions
 f - a potion of haste


   Skills:
 - Level 3.0 Fighting
 - Level 2.1 Short Blades
 - Level 2.6 Dodging
 - Level 7.2 Stealth
 - Level 3.0 Spellcasting
 + Level 1.3 Conjurations


You had 9 spell levels left.
You didn't know any spells.
Your spell library was empty.

Dungeon Overview and Level Annotations

Branches:
Dungeon (6/15)
 Temple: D:4-7

Altars:
Okawaru


Innate Abilities, Weirdness & Mutations

You are very small and have problems with some larger weapons.
You are too small for most types of armour.
You have supernaturally acute eyesight. (SInv)
You cover ground extremely quickly. (Speed+++)


Message History

A steam dragon is nearby!
A steam dragon is nearby!
The helpless steam dragon fails to defend itself.
You impale the steam dragon!!
The steam dragon is severely wounded.
The steam dragon barely misses you. x2
Okay, then.
You see here a +0 falchion.
The steam dragon breathes steam at you. The ball of steam misses you.
You are engulfed in a cloud of scalding steam.
You see here the +2 hand axe "Lipurodgh" {venom, Str+3}.
i - the +2 hand axe "Lipurodgh" {venom, Str+3} You are engulfed in a cloud of scalding steam.
* * * LOW HITPOINT WARNING * * *
You feel stronger.
The +2 hand axe "Lipurodgh" {venom, Str+3} begins to drip with poison!
i - the +2 hand axe "Lipurodgh" (weapon)
{venom, Str+3} You are engulfed in a cloud of scalding steam.
* * * LOW HITPOINT WARNING * * *
You barely miss the steam dragon.
The steam dragon is severely wounded.
The steam dragon bites you.
* * * LOW HITPOINT WARNING * * *
The steam dragon closely misses you. The steam dragon bites you.
* * * LOW HITPOINT WARNING * * *
The steam dragon claws you.
* * * LOW HITPOINT WARNING * * *
You barely miss the steam dragon.
The steam dragon is severely wounded.
The steam dragon bites you.
* * * LOW HITPOINT WARNING * * *
The steam dragon misses you.
You hit the steam dragon but do no damage.
The steam dragon is poisoned.
The steam dragon is severely wounded.
The steam dragon breathes steam at you. The ball of steam hits you!!
Ouch! That really hurt!
You die...

. #.
#.#........###.
#.#........# #
#.#........# .#
####....#...###
.#
.......###...##
## #...........#
....#.).).#..# #
. #..D$.##.#
#..@).# .#
...............#
####...###...#.#
#... ...## .....
.## ######


You could see a steam dragon (very poisoned, catching breath).

Vanquished Creatures
  A howler monkey (D:5)
  A hound (D:5)
  An adder (D:5)
  2 orcs (D:5)
5 creatures vanquished.

Notes
Turn   | Place    | Note
-------+----------+-------------------------------------------
     0 | D:5      | GordonOverkill the Spriggan Delver began the quest for the
                  | Orb.
     0 | D:5      | Reached XP level 1. HP: 11/11 MP: 2/2
    13 | D:6      | Noticed a scorpion
    25 | D:5      | Reached XP level 2. HP: 7/16 MP: 3/3
    95 | D:5      | Noticed a howler monkey
   105 | D:5      | Reached XP level 3. HP: 20/20 MP: 4/8
   200 | D:5      | Reached skill level 1 in Conjurations
   200 | D:5      | Reached XP level 4. HP: 24/24 MP: 9/9
   465 | D:5      | Found an iron altar of Okawaru.
   469 | D:5      | Noticed a steam dragon
   475 | D:5      | Identified the +2 hand axe "Lipurodgh" {venom, Str+3}
   480 | D:5      | HP: 1/24 [steam dragon (2)]
   481 | D:5      | Killed from afar by a steam dragon

Illustrated notes

Levels and vault maps discovered:
D:5:      layout_basic, okawaru_ov_weapons_minmay, dreamdust_mushroom_princess,
          chequers_avenue
D:6:      cheibrodos_thug_alley, layout_gridville, regret_index_xom_of_box,
          bloody_makhleb, nicolae_overflow_hallway_of_the_gods,
          old_standard_altar, minmay_crystal_room

Skill      XL: |  1  2  3 |
---------------+----------+-----
Fighting       | 3 |  3.0
Spellcasting   | 2 3 |  3.0
Conjurations   | 1 |  1.3
Short Blades   | |  2.1
Dodging        | |  2.6
Stealth        | |  7.2

Action                     |  1- 3 |  4- 6 || total
---------------------------+-------+-------++-------
  Melee: Short sword       |    13 |     7 ||    20
         Hand axe          |       |     3 ||     3
   Stab: Sleeping          |     1 |     2 ||     3
         Distracted        |     1 |       ||     1
 Armour: Robe              |     3 |    10 ||    13
  Dodge: Dodged            |    10 |    14 ||    24

Table legend: (Time is in decaauts)
 A = Elapsed time spent in this place.
 B = Non-inter-level travel time spent in this place.
 C = Inter-level travel time spent in this place.
 D = Time resting spent in this place.
 E = Time spent auto-exploring this place.
 F = Levels seen in this place.
 G = Mean time per level.
                   A        B        C        D        E       F      G
               +--------+--------+--------+--------+--------+-----+--------+
         Total |    375 |    375 |      0 |    182 |     93 |   2 |  187.5 |
       Dungeon |    375 |    375 |      0 |    182 |     93 |   2 |  187.5 |
               +--------+--------+--------+--------+--------+-----+--------+

Top non-repeatable levels by time:
     D:5: 365 daAuts
     D:6: 10 daAuts
